Map: Pylon LE

Players

walooh - Winner!

  • Race: Terran Terran
  • League: Master
  • Spawn Location: 11:00

ManlyManMeat

  • Race: Zerg Zerg
  • League: Diamond
  • Spawn Location: 5:00

VOD

Have the link to the VOD?

Description

Time

  • Played on: July 5, 2025, 8:15 a.m.
  • Length: 12:43
Show
View Real Time Build Order
Export as new Build Order

walooh Terran - Winner!

Build Orders: Reaper Expand, Hellion Banshee 

Get SALT Encoding   

  12  0:00  SCV  
  13  0:12  SCV  
  14  0:17  Supply Depot  
  14  0:25  SCV  
  15  0:39  SCV  
  15  0:40  Barracks  
  16  0:49  Refinery  
  16  0:51  SCV  
  17  1:03  SCV  
  18  1:15  SCV  
  19  1:27  Orbital Command  
  19  1:31  Reaper  
  20  1:39  Command Center  
  20  1:51  Supply Depot  
  20  1:53  SCV  
  21  2:00  Refinery  
  21  2:06  SCV  
  22  2:08  Barracks Reactor  
  22  2:18  SCV  
  23  2:28  Factory  
  23  2:30  SCV  
  24  2:42  SCV  
  25  2:45  Marine x2  
  27  2:53  Orbital Command  
  27  2:55  SCV  
  28  3:07  SCV  
  29  3:16  Starport  
  29  3:18  Barracks Tech Lab  
  29  3:19  SCV  
  30  3:20  Hellion x2  
  30  3:21  SCV  
  35  3:29  Supply Depot  
  35  3:31  SCV  
  35  3:34  SCV  
  36  3:42  Hellion x2  
  36  3:43  SCV  
  44  3:56  SCV x2  
  44  4:02  Command Center  
  45  4:08  SCV  
  46  4:10  Supply Depot  
  46  4:14  Hellion x2  
  46  4:15  SCV  
  49  4:19  Barracks Tech Lab  
  49  4:20  SCV  
  49  4:21  Banshee  
  49  4:22  Cloaking Field  
  53  4:27  SCV  
  54  4:33  Supply Depot, SCV  
  54  4:36  Hellion  
  55  4:46  SCV x2  
  55  4:47  Stimpack, Marine  
  58  4:53  Engineering Bay  
  58  4:54  Engineering Bay  
  58  4:58  SCV x2  
  60  5:04  Banshee  
  63  5:09  Supply Depot  
  63  5:10  SCV x2  
  63  5:13  Supply Depot  
  65  5:18  Orbital Command  
  65  5:20  Terran Infantry Armor Level 1, Terran Infantry Weapons Level 1  
  65  5:22  SCV  
  65  5:26  Barracks x2, Marine  
  65  5:27  Barracks  
  67  5:30  SCV  
  67  5:34  SCV  
  69  5:42  SCV  
  70  5:46  Refinery, SCV  
  70  5:47  SCV  
  70  5:49  Refinery  
  71  5:54  SCV  
  72  5:58  SCV  
  72  5:59  SCV  
  74  6:18  Medivac x2  
  78  6:19  Siege Tank  
  78  6:20  Barracks Reactor x2  
  78  6:21  Barracks Reactor  
  78  6:23  SCV x3  
  81  6:44  Marine  
  81  6:46  SCV x2  
  81  6:47  SCV  
  73  6:58  SCV  
  73  6:59  Marine x6  
  73  7:00  Armory  
  80  7:01  Orbital Command, Marine  
  80  7:03  Barracks  
  80  7:04  Missile Turret, Barracks  
  80  7:06  Barracks  
  80  7:07  Missile Turret  
  81  7:14  Medivac x2  
  85  7:17  Marine x5  
  85  7:22  SCV x2  
  92  7:23  Orbital Command  
  92  7:25  Supply Depot  
  92  7:29  Marine  
  94  7:30  Siege Tank  
  94  7:34  SCV x2  
  97  7:41  Marine x4  
  101  7:54  Supply Depot  
  101  7:56  Barracks Tech Lab  
  101  8:00  Barracks Reactor  
  101  8:06  Terran Infantry Weapons Level 2  
  101  8:07  Barracks Reactor  
  101  8:10  Terran Infantry Armor Level 2  
  101  8:16  Marine x2, SCV x2, Medivac x2  
  109  8:21  Siege Tank  
  109  8:26  Supply Depot  
  112  8:27  Marine x2  
  112  8:28  Supply Depot, Marine x4  
  112  8:29  Supply Depot  
  112  8:33  Marine x2  
  120  8:36  Command Center  
  120  8:37  Refinery, Command Center  
  120  8:38  Refinery  
  120  8:41  Marine x2  
  121  8:42  Supply Depot  
  121  8:45  Marine x2  
  121  8:46  Marauder x2  
  128  9:08  Marauder x2  
  128  9:09  Marine x2  
  132  9:10  Marine x6  
  132  9:11  Marine x2  
  132  9:12  Medivac x2  
  138  9:27  Marine  
  138  9:28  SCV x3  
  138  9:29  Marauder, Marine x4  
  148  9:32  Marine x6  
  148  9:34  Siege Tank  
  148  9:37  Terran Vehicle Weapons Level 1  
  157  9:40  SCV  
  157  9:42  Supply Depot  
  157  9:43  Supply Depot  
  157  9:45  Marine  
  159  9:46  Marine, Concussive Shells, Medivac  
  159  9:47  Marine x3, Medivac  
  159  9:49  Marine, SCV x2  
  159  9:50  Orbital Command  
  170  10:06  Marine  
  170  10:07  Marine x5  
  158  10:08  Marauder x2, Missile Turret, Marine x3  
  158  10:13  Marine, Factory  
  171  10:21  Supply Depot  
  171  10:23  Orbital Command  
  171  10:24  Supply Depot x2, Marine x3  
  168  10:29  Marauder  
  165  10:41  Command Center  
  164  10:49  Planetary Fortress  
  164  10:50  SCV x3  
  164  10:52  Marine x4  
  164  10:53  Marauder, Marine  
  174  11:00  Supply Depot  
  174  11:02  SCV x2  
  176  11:08  Marine x3  
  176  11:09  Marauder  
  181  11:15  Marauder, Marine x2  
  181  11:17  Marine x2  
  187  11:30  Marauder  
  189  11:36  Marauder  
  191  11:52  Marauder  
  180  11:56  Marine x7  
  180  11:57  Marauder, Marine x3  
  176  12:13  Marauder, Marine  
  176  12:14  Marine x5  
  182  12:17  Marine x2  
  182  12:18  Marine x3  
Show
View Real Time Build Order
Export as new Build Order

ManlyManMeat Zerg 

Build Orders: Hatch First 

Get SALT Encoding   

  12  0:00  Drone  
  13  0:09  Drone  
  13  0:14  Extractor  
  13  0:15  Drone  
  15  0:21  Overlord  
  15  0:40  Drone  
  16  0:46  Hatchery  
  15  0:57  Drone x3  
  18  1:11  Extractor  
  17  1:13  Spawning Pool  
  17  1:16  Drone  
  17  1:20  Drone  
  18  1:30  Drone  
  19  1:44  Drone  
  20  2:00  Queen x2  
  20  2:01  Zergling x4  
  25  2:04  Overlord  
  26  2:11  Metabolic Boost  
  26  2:17  Drone x2  
  29  2:30  Drone x2  
  30  2:38  Spore Crawler  
  30  2:46  Extractor  
  30  2:47  Drone x2  
  31  2:53  Drone x3  
  34  2:58  Hatchery  
  34  3:00  Drone  
  34  3:14  Queen  
  34  3:15  Overlord x3  
  36  3:42  Drone x6  
  42  3:58  Drone x2  
  42  3:59  Drone, Extractor  
  43  4:06  Zergling x6  
  46  4:12  Lair  
  46  4:14  Drone  
  46  4:15  Evolution Chamber  
  46  4:25  Queen  
  46  4:26  Overlord x2  
  46  4:27  Overlord  
  46  4:29  Drone x2  
  46  4:30  Drone  
  46  4:31  Drone x2  
  53  4:45  Queen  
  53  4:46  Drone x6  
  57  5:01  Zergling x10  
  57  5:02  Zergling x6  
  57  5:05  Hatchery  
  63  5:12  Baneling Nest, Drone  
  63  5:13  Drone  
  63  5:14  Zerg Melee Weapons Level 1  
  64  5:27  Queen  
  64  5:28  Overlord x3  
  66  5:42  Overlord x3  
  65  5:48  Drone x2  
  65  5:49  Drone  
  68  5:50  Drone x3, Evolution Chamber  
  68  5:51  Drone x2  
  68  5:53  Hatchery  
  71  6:02  Baneling x13  
  71  6:03  Baneling  
  70  6:08  Spore Crawler  
  70  6:09  Spore Crawler  
  70  6:10  Overseer  
  65  6:15  Zergling x2  
  65  6:16  Zergling x10  
  65  6:43  Zergling x20  
  64  6:51  Drone  
  64  6:52  Drone x3  
  67  6:59  Drone x3  
  67  7:00  Drone  
  71  7:02  Drone, Spore Crawler  
  71  7:03  Spore Crawler  
  70  7:21  Zergling x20  
  78  7:41  Drone  
  78  7:42  Drone x2, Infestation Pit  
  78  7:43  Zergling x18  
  87  8:13  Centrifugal Hooks  
  87  8:16  Drone x2  
  87  8:17  Drone  
  87  8:18  Drone x3  
  93  8:21  Extractor  
  93  8:22  Drone x3  
  93  8:24  Extractor  
  93  8:25  Drone x3  
  97  8:43  Zergling x28  
  111  8:51  Baneling x9  
  111  9:10  Hatchery  
  92  9:25  Overlord x2  
  92  9:27  Zerg Melee Weapons Level 2  
  92  9:28  Zerg Ground Armor Level 1  
  92  9:31  Zergling x44  
  114  9:45  Zergling x16  
  122  9:59  Baneling x14  
  122  10:00  Baneling x4  
  122  10:07  Zergling x8  
  86  10:35  Drone x11  
  88  10:42  Hatchery  
  87  10:45  Baneling x3  
  86  10:56  Infestor x2  
  90  11:05  Infestor  
  90  11:06  Zergling x4, Infestor  
  96  11:16  Zergling x2  
  96  11:17  Zergling x12  
  103  11:33  Zergling x2  
  103  11:34  Zergling x18  
  113  11:46  Zergling x20  
  115  11:59  Zergling x22  
  98  12:11  Baneling x10  
  98  12:12  Zergling x2, Baneling x8  
  94  12:18  Zergling x10  
Tags
 
Add a new tag
Caveats
  • Supply blocks, unpowered buildings, or Contaminate may cause inaccurate times.
  • Supply counts are checked every 10 seconds.